 Dungeon Crawl Stone Soup version 0.28.0-53-g5a82cb258f (webtiles) character file.

Game seed: 762669342827858007

5304 Erymatos the Cleaver (level 10, -5/86 (90) HPs)
             Began as a Minotaur Berserker on June 8, 2022.
             Was an Elder of Trog.
             Slain by a red devil
             ... wielding a +0 trident
             ... summoned by an obsidian statue
              (6 damage)
             ... on level 9 of the Dungeon.
             The game lasted 00:11:28 (10019 turns).

Erymatos the Cleaver (Minotaur Berserker)          Turns: 10019, Time: 00:11:29

HP:   -5/86 (90)    AC: 19    Str: 24    XL:     10   Next: 37%
MP:   9/9           EV:  9    Int:  4    God:    Trog [****..]
Gold: 407           SH:  8    Dex: 12    Spells: 9/9 levels left

rFire   . . .      SeeInvis .   a - +0 hand axe
rCold   . . .      Faith    .   B - +0 kite shield
rNeg    . . .      Spirit   .   G - +0 chain mail
rPois   .          Reflect  .   (helmet restricted)
rElec   .          Harm     .   F - +0 cloak
rCorr   .          Rampage  .   K - +0 pair of gloves
Will    .....                   x - +0 pair of boots
Stlth   ..........              I - amulet of the acrobat
HPRegen 0.24/turn               k - +4 ring of protection
MPRegen 0.11/turn               (no ring)

@: lethally poisoned (-5 -> -49), on berserk cooldown, mesmerised, slowed,
lightly drained, very slow
A: horns 2, retaliatory headbutt
a: Renounce Religion, Berserk, Trog's Hand, Brothers in Arms


You were on level 9 of the Dungeon.
You worshipped Trog.
Trog was greatly pleased with you.
You visited 1 branch of the dungeon, and saw 9 of its levels.

You collected 407 gold pieces.

Inventory:

Hand Weapons
 a - a +0 hand axe (weapon)
Missiles
 f - 11 throwing nets (quivered)
Armour
 t - a +0 scale mail
 x - a +0 pair of boots (worn)
 B - a +0 kite shield (worn)
 F - a +0 cloak (worn)
 G - a +0 chain mail (worn)
 K - a +0 pair of gloves (worn)
Jewellery
 k - a +4 ring of protection (left hand)
 z - an amulet of regeneration
 D - a ring of fire
 I - an amulet of the acrobat (around neck)
Wands
 q - a wand of iceblast (26)
Scrolls
 b - 2 scrolls of magic mapping {unknown}
 c - 8 scrolls of teleportation {unknown}
 h - 3 scrolls of identify {unknown}
 i - 5 scrolls of amnesia {unknown}
 j - 3 scrolls of summoning {unknown}
 m - 2 scrolls of fog {unknown}
 o - 4 scrolls of vulnerability {unknown}
 p - a scroll of torment {unknown}
 v - a scroll of enchant weapon {unknown}
 w - 2 scrolls of blinking {unknown}
 y - a scroll of immolation {unknown}
 A - 2 scrolls of fear {unknown}
Potions
 d - 2 potions of magic {unknown}
 e - a potion of haste {unknown}
 g - a potion of lignification {unknown}
 l - 5 potions of curing {unknown}
 n - 2 potions of invisibility {unknown}
 r - a potion of experience {unknown}
 s - a potion of cancellation {unknown}
 u - 2 potions of might {unknown}
 C - 2 potions of heal wounds {unknown}
 E - a potion of flight {unknown}
 H - a potion of attraction {unknown}
 J - a potion of mutation {unknown}
 L - a potion of brilliance {unknown}


   Skills:
 + Level 8.7 Fighting
 + Level 11.3 Axes
 + Level 9.1 Armour
 + Level 7.1 Dodging
 + Level 3.5 Stealth
 + Level 2.8 Shields


You had 9 spell levels left.
You didn't know any spells.
Your spell library was empty.

Dungeon Overview and Level Annotations

Branches:
Dungeon (9/15)             Temple (0/1) D:6
   Lair: D:8-11         Orc: D:9-12

Altars:
Elyvilon
Fedhas
Gozag
Kikubaaqudgha
Nemelex Xobeh
Ru
Xom

Shops:
D:5 (*   D:7 (

Portals:
Abyss: D:6

Annotations:
D:6 2 transporters, Infinimo's ghost, novice OgGl
D:9 3 runed translucent doors, exclusion: obsidian statue


Innate Abilities, Weirdness & Mutations

You have a pair of horns on your head.
You reflexively headbutt those who attack you in melee.


Message History

The quasit misses you.
The red devil hits you but does no damage.
The orange demon stings you but does no damage.
The quasit bites you but does no damage.
You block the quasit's attack.
The quasit claws you but does no damage.
The red devil hits you from afar with a +0 trident!
Barbed spikes become lodged in your body.
You closely miss the quasit. Your headbutt misses the quasit.
The quasit is heavily wounded.
You block the quasit's attack. The quasit barely misses you. x2
The orange demon closely misses you.
The obsidian statue slips into the dungeon's darkness for a moment.
The red devil hits you but does no damage.
Unknown command.
You hit the soul eater but do no damage.
The orange demon stings you from afar.
You are poisoned.
The orange demon poisons you! You block the red devil's attack.
You block the soul eater's attack. The orange demon stings you from afar.
You are lethally poisoned!
The orange demon poisons you!
You hit the soul eater but do no damage.
You carefully extract the barbed spikes from your body.
You feel extremely sick. The red devil closely misses you.
The soul eater hits you!
* * * LOW HITPOINT WARNING * * *
You feel drained.
* * * LOW HITPOINT WARNING * * *
The orange demon stings you but does no damage.
You closely miss the soul eater. Your headbutt misses the soul eater.
* * * LOW HITPOINT WARNING * * *
You feel extremely sick. You block the red devil's attack.
The soul eater closely misses you. The orange demon stings you from afar.
* * * LOW HITPOINT WARNING * * *
You are more poisoned.
The orange demon poisons you!
The red devil hits you from afar with a +0 trident.
You die... ###.(..# K#'#. #..####....# #####.....## ###.### ##.## #..... #.........# .#.....#. #..###..... ..#......##.##..(..##.##.##...... #####.(..+..'..?8!..+..+......... #....##.##.)5..##.##......... ##.....#..# 454

#..#.........#
##).##..##.###3###.##....>....#
##..####..#...#@#...#..........#
##..## #..###.))..###....).....#
#..## #....###)###......###...#
..## #.##...#'#...###### ##..#
.## #.####.......# #..# ## #.#
###....## ##..# # #.# ##...#
##...# # #.## #...# ###...## ##
#..## ##..## ###....##


You could see an obsidian statue (mesmerising), a soul eater (summoned), an
orange demon (summoned), a red devil (summoned) and 2 quasits.

Vanquished Creatures
  2 centaur zombies
  A hornet (D:9)
  4 yaks (D:8)
  The ghost of PanSaczeczos the Skirmisher, an amateur PaHu (D:3)
  Eustachio (D:6)
  2 steam dragons
  3 water moccasins
  An ice beast (D:8)
  Duvessa (D:4)
  A sky beast (D:8)
  2 black bears
  An orc warrior (D:8)
  2 centaurs
  A necrophage (D:6)
  3 ogres
  3 phantoms
  Blork the orc (D:6)
  2 kobold brigands
  A bullfrog (D:9)
  2 water moccasin zombies
  4 gnoll sergeants (D:7)
  A wyvern skeleton (D:6)
  Dowan (D:4)
  8 wights
  4 electric eels
  2 gnoll shamans (D:7)
  5 hounds
  An orc priest (D:5)
  A scorpion zombie (D:5)
  2 orc wizards (D:8)
  4 killer bee zombies
  A mummy (D:5)
  A howler monkey zombie (D:7)
  6 adders
  25 gnolls (D:7)
  2 shadow imps
  2 worms (D:5)
  2 dart slugs
  13 orcs
  6 bats
  8 endoplasms
  4 giant cockroaches
  7 goblins
  3 hobgoblins
  5 jackals (D:7)
  2 quokkas (D:4)
  9 ball pythons
  6 frilled lizards
  19 kobolds
  A kobold zombie (D:5)
  An orc zombie (D:5)
  5 rats
196 creatures vanquished.

Vanquished Creatures (others)
  A gnoll (D:7)
  2 plants (D:7)
3 creatures vanquished.

Grand Total: 199 creatures vanquished

Notes
Turn   | Place    | Note
-------+----------+-------------------------------------------
     0 | D:1      | Erymatos the Minotaur Berserker began the quest for the
                  | Orb.
     0 | D:1      | Reached XP level 1. HP: 19/19 MP: 0/0
    38 | D:1      | Found a faded altar of an unknown god.
    83 | D:1      | Reached XP level 2. HP: 27/27 MP: 1/1
   963 | D:2      | Reached ** piety under Trog
  1058 | D:2      | Reached XP level 3. HP: 33/33 MP: 2/2
  1091 | D:2      | Reached skill level 4 in Axes
  1488 | D:2      | Found an ancient bone altar of Kikubaaqudgha.
  1726 | D:2      | You fall into a shaft and drop 1 floor!
  1753 | D:3      | Reached XP level 4. HP: 26/41 MP: 3/3
  2007 | D:3      | Found a blossoming altar of Fedhas.
  2127 | D:3      | Found a large runed translucent door.
  2155 | D:3      | Found a large runed translucent door.
  2157 | D:3      | Noticed PanSaczeczos's ghost (amateur PaHu)
  2337 | D:3      | Reached skill level 1 in Stealth
  2593 | D:3      | Killed PanSaczeczos's ghost
  2594 | D:3      | Reached skill level 5 in Axes
  2594 | D:3      | Reached XP level 5. HP: 19/47 MP: 4/4
  2907 | D:4      | Reached XP level 6. HP: 55/55 MP: 5/5
  2957 | D:4      | Reached skill level 5 in Fighting
  3063 | D:4      | Noticed Dowan
  3065 | D:4      | Noticed Duvessa
  3081 | D:4      | Killed Duvessa
  3082 | D:4      | Reached skill level 6 in Axes
  3085 | D:4      | Killed Dowan
  3403 | D:4      | Reached *** piety under Trog
  3634 | D:5      | Entered Level 5 of the Dungeon
  3647 | D:5      | Reached XP level 7. HP: 58/61 MP: 6/6
  3751 | D:5      | Found Laeth's Weapon Emporium.
  4096 | D:5      | Reached skill level 7 in Axes
  4183 | D:5      | Found Enulopau's Assorted Antiques.
  4237 | D:5      | Reached skill level 5 in Dodging
  4917 | D:6      | Noticed Blork the orc
  4925 | D:6      | Reached XP level 8. HP: 70/70 MP: 7/7
  4933 | D:6      | Killed Blork the orc
  5013 | D:6      | Found a staircase to the Ecumenical Temple.
  5048 | D:6      | Noticed a hellwing
  5053 | D:6      | Found a transporter.
  5053 | D:6      | Found a one-way gate to the infinite horrors of the Abyss.
  5053 | D:6      | Noticed Infinimo's ghost (novice OgGl)
  5233 | D:6      | Reached skill level 8 in Axes
  5550 | D:6      | Found a shimmering altar of Xom.
  5560 | D:6      | Reached skill level 5 in Armour
  5759 | D:6      | Found a transporter.
  5869 | D:6      | Noticed Eustachio
  5880 | D:6      | Killed Eustachio
  6055 | D:6      | Noticed an ancient zyme
  6081 | D:6      | Reached skill level 9 in Axes
  6081 | D:6      | Reached XP level 9. HP: 78/79 MP: 8/8
  6760 | D:7      | Found Fialerefoa's Antique Weapon Shop.
  7240 | D:7      | Found an opulent altar of Gozag.
  7240 | D:7      | Found a sparkling altar of Nemelex Xobeh.
  7248 | D:7      | Reached skill level 10 in Axes
  7430 | D:7      | Reached **** piety under Trog
  7938 | D:7      | Reached skill level 1 in Shields
  8225 | D:8      | Found a white marble altar of Elyvilon.
  8375 | D:8      | Reached XP level 10. HP: 74/88 MP: 9/9
  8498 | D:8      | Reached skill level 11 in Axes
  8710 | D:8      | Found a sacrificial altar of Ru.
  9226 | D:9      | Found a runed translucent door.
  9273 | D:9      | Found a runed translucent door.
  9290 | D:9      | Found a runed translucent door.
  9303 | D:9      | Found a runed translucent door.
  9627 | D:9      | Paralysed by a hornet for 2 turns
  9988 | D:9      | Noticed an obsidian statue
 10011 | D:9      | Noticed an orange demon
 10011 | D:9      | Noticed a soul eater
 10019 | D:9      | HP: 1/86 [orange demon[an obsidian statue] (5)]
 10019 | D:9      | Slain by a red devil

Illustrated notes

Levels and vault maps discovered:
D:1:      psy_arrival_dodecagon, layout_basic,
          ebering_ecumenical_altar_sacrificial, lemuel_another_geyser
D:2:      layout_loops_corners, basic_altar, kennysheep_generic_room_4
D:3:      layout_basic, fedhas_altar_1, ebering_ghost_disaster_area
D:4:      layout_rooms, uniq_duvessa
D:5:      lemuel_ice_spiral_2, layout_rooms, serial_shops, nicolae_shop_stone,
          nicolae_inconvenience_store, nicolae_ossuary_entry_giza
D:6:      layout_loops_ring, mainiacjoe_overflow_surrounded_room,
          minmay_temple_entry_sparse_star, gammafunk_ghost_abyssal_escape,
          kennysheep_path_1, uniq_blork_the_orc, uniq_eustachio
D:7:      layout_cave_pools, grunt_temple_overflow_opulence, serial_gnoll_camp,
          gnoll_camp_mini_shop, gnoll_camp_mini_hut, gnoll_camp_huts_moat,
          gnoll_camp_mini_loothouse, gnoll_camp_medium_01,
          minmay_misc_feat_tower, serial_bayou_lake_a
D:8:      layout_basic, nicolae_ru_awakened_eye, lemuel_doored_altar,
          chequers_serial_rivers_room_b
D:9:      layout_layer_cave, minmay_statue_crystal_thing

Skill      XL: |  1  2  3  4  5  6  7  8  9 10 |
---------------+-------------------------------+-----
Fighting       | 4 5 6 7 8 |  8.7
Axes           | 4 5 6 7 9 10 11 | 11.3
Dodging        | 3 4 5 6 7 |  7.1
Stealth        | 1 2 3 |  3.5
Armour         | 3 6 8 9 |  9.1
Shields        | 1 2 |  2.8

Action                   |  1- 3 |  4- 6 |  7- 9 | 10-12 || total
-------------------------+-------+-------+-------+-------++-------
Melee: Hand axe          |    89 |    84 |   382 |   115 ||   670
       Headbutt          |    13 |    15 |    92 |    19 ||   139
       Punch             |       |       |     3 |       ||     3
Invok: Berserk           |     1 |     3 |    10 |     3 ||    17
 Stab: Sleeping          |     1 |     5 |       |       ||     6
Armor: Animal skin       |    24 |    11 |       |       ||    35
       Scale mail        |       |     2 |   208 |    14 ||   224
       Chain mail        |       |       |       |    67 ||    67
Dodge: Dodged            |    60 |    50 |   212 |    49 ||   371
Block: Kite shield       |       |       |    28 |    54 ||    82
